 Dungeon Sprint DCSS version 0.17-a0-1570-g74b7129 (webtiles) character file.

1705 tt080 the Brawler (level 9, 0/51 HPs)
             Began as a Gargoyle Fighter on July 23, 2015.
             Was an Elder of Makhleb.
             Slain by an eight-headed hydra (3 damage)
             ... in the Dungeon (Sprint IX: "|||||||||||||||||||||||||||||").
             The game lasted 00:02:49 (338 turns).

tt080 the Brawler (Gargoyle Fighter)                 Turns: 338, Time: 00:02:49

Health: 0/51       AC: 15    Str: 23    XL:     9   Next: 3%
Magic:  9/9        EV: 10    Int:  9    God:    Makhleb [****..]
Gold:   0          SH: 13    Dex: 12    Spells: 0 memorised, 8 levels left

rFire  . . .     SeeInvis .       - Unarmed
rCold  . . .     Clarity  .     p - +2 ring mail
rNeg   + . .     SustAt   .     b - +0 shield
rPois  ∞         Gourm    .     u - +0 helmet
rElec  +         Spirit   .     o - +0 cloak
rCorr  .         Warding  .     (no gloves)
rMut   .         NoTele   +     (no boots)
MR     .....                    (no amulet)
Stlth  +.........               (no ring)
                                q - +3 ring of strength

@: not resistant to hostile enchantments, very unstealthy
A: negative energy resistance 1, electricity resistance, unbreathing,
petrification resistance, rot immunity, AC +5
a: Minor Destruction, Lesser Servant of Makhleb, Major Destruction, Renounce
Religion


You were in the Dungeon.
You worshipped Makhleb.
Makhleb was greatly pleased with you.
You were not hungry.

You visited 1 branch

Inventory:

Hand weapons
 n - a +2 halberd of protection
Armour
 a - a +0 scale mail
 b - a +0 shield (worn)
 o - a +0 cloak (worn)
 p - a +2 ring mail (worn)
 u - a +0 helmet (worn)
Magical staves
 m - an uncursed staff of energy
Jewellery
 e - an uncursed ring of magical power
 q - a +3 ring of strength (left hand)
 r - a +3 ring of intelligence
Magical devices
 l - a wand of draining (5)
Scrolls
 i - 3 scrolls of remove curse
 j - 3 scrolls of blinking
 k - 2 scrolls of amnesia
 s - 3 scrolls of fog
 t - a scroll of recharging
 v - 2 scrolls of enchant armour
Potions
 c - a potion of brilliance
 f - 7 potions of heal wounds
 g - 4 potions of curing
 h - 4 potions of magic
Comestibles
 d - a bread ration


   Skills:
 - Level 3.2 Fighting
 - Level 3.2 Armour
 + Level 12.6 Shields
 * Level 15.3 Unarmed Combat


You had 8 spell levels left.
You didn't know any spells.

Dungeon Overview and Level Annotations

Branches:
Dungeon (1/1)

Altars:
Cheibriados
Dithmenos
Elyvilon
Fedhas
Gozag
Kikubaaqudgha
Makhleb
Nemelex Xobeh
Okawaru
Qazlal
Ru
Sif Muna
Trog
Vehumet
Xom
Yredelemnul
Zin
The Shining One
Beogh
Jiyva
Lugonu


Innate Abilities, Weirdness & Mutations

You are resistant to torment.
Your stone body is resilient (AC +5).
You are immune to poison.
You resist negative energy.
You are resistant to electric shocks.
You can survive without breathing.
You are immune to petrification.
You are immune to rotting.


Message History

Unknown command.
You punch the eight-headed hydra!
The eight-headed hydra is almost dead.
You block the eight-headed hydra's attack. x2
The eight-headed hydra bites you.
* * * LOW HITPOINT WARNING * * *
The eight-headed hydra bites you!
* * * LOW HITPOINT WARNING * * *
The eight-headed hydra barely misses you.
You block the eight-headed hydra's attack.
The eight-headed hydra bites you.
* * * LOW HITPOINT WARNING * * *
The eight-headed hydra bites you!
* * * LOW HITPOINT WARNING * * *
Your shield and ring mail prevent you from hitting the eight-headed hydra.
The eight-headed hydra is almost dead.
The eight-headed hydra bites you but does no damage.
You block the eight-headed hydra's attack. x2
The eight-headed hydra bites you.
You die...

▓.▓.▓†▓
▓.▓.▓)▓
▓.▓.▓.▓
▓.▓.▓.▓
▓.▓.▓.▓
▓.▓.▓'▓
▓.▓.▓_▓
▓.▓.▓_▓
▓@▓.▓_▓
▓D▓.▓_▓
▓r▓.▓_▓
▓t▓.▓_▓
▓r▓.▓_▓
▓r▓.▓_▓
▓F▓.▓_▓
▓F▓.▓_▓
▓.▓_▓


You could see an eight-headed hydra, a spiny frog, a crocodile, a giant frog, a
porcupine and 2 river rats.

Vanquished Creatures
  A catoblepas (D)
  A kobold demonologist (D)
  A yak (D)
  A hungry ghost (D)
  An ice beast (D)
  An ogre (D)
  2 centaurs (D)
  An orc warrior (D)
  A big kobold (D)
  A worker ant (D)
  An iguana (D)
  An adder zombie (D)
  2 giant cockroaches (D)
  A goblin (D)
  A hobgoblin (D)
  2 bats (D)
  A giant newt (D)
  A rat (D)
21 creatures vanquished.

Vanquished Creatures (others)
  A giant frog (D)
1 creature vanquished.

Grand Total: 22 creatures vanquished

Notes
Turn   | Place    | Note
--------------------------------------------------------------
     0 | D        | tt080 the Gargoyle Fighter began the quest for the Orb.
     0 | D        | Reached XP level 1. HP: 14/14 MP: 1/1
    37 | D        | Noticed an iguana
    37 | D        | Noticed an ice beast
    40 | D        | Reached skill level 4 in Shields
    46 | D        | Killed an iguana
    46 | D        | Reached skill level 5 in Shields
    46 | D        | Reached skill level 5 in Unarmed Combat
    46 | D        | Reached XP level 2. HP: 19/19 MP: 2/2
    46 | D        | Reached XP level 3. HP: 23/23 MP: 3/3
    57 | D        | Killed an ice beast
    57 | D        | Reached skill level 6 in Shields
    57 | D        | Reached skill level 8 in Unarmed Combat
    57 | D        | Reached XP level 4. HP: 13/28 MP: 4/4
    57 | D        | Reached XP level 5. HP: 14/32 MP: 5/5
    71 | D        | Found a glowing silver altar of Zin.
    71 | D        | Found a glowing golden altar of the Shining One.
    71 | D        | Found an ancient bone altar of Kikubaaqudgha.
    71 | D        | Found a basalt altar of Yredelemnul.
    71 | D        | Found a shimmering altar of Xom.
    71 | D        | Found a radiant altar of Vehumet.
    72 | D        | Found an iron altar of Okawaru.
    73 | D        | Found a burning altar of Makhleb.
    74 | D        | Found a deep blue altar of Sif Muna.
    75 | D        | Found a bloodstained altar of Trog.
    76 | D        | Found a sparkling altar of Nemelex Xobeh.
    77 | D        | Found a white marble altar of Elyvilon.
    78 | D        | Found a roughly hewn altar of Beogh.
    79 | D        | Found a viscous altar of Jiyva.
    80 | D        | Found a corrupted altar of Lugonu.
    81 | D        | Became a worshipper of Makhleb the Destroyer
    82 | D        | Found a blossoming altar of Fedhas.
    83 | D        | Found a snail-covered altar of Cheibriados.
    84 | D        | Found a shadowy altar of Dithmenos.
    85 | D        | Found a stormy altar of Qazlal.
    86 | D        | Found an opulent altar of Gozag.
    87 | D        | Found a sacrificial altar of Ru.
   132 | D        | Noticed a worker ant
   132 | D        | Noticed an ogre
   132 | D        | Noticed a centaur
   132 | D        | Noticed a giant frog
   132 | D        | Noticed a centaur
   145 | D        | Killed a worker ant
   150 | D        | Acquired Makhleb's first power
   153 | D        | Killed an ogre
   153 | D        | Reached skill level 9 in Unarmed Combat
   156 | D        | Killed a giant frog
   158 | D        | Killed a centaur
   158 | D        | Reached skill level 10 in Unarmed Combat
   158 | D        | Reached XP level 6. HP: 25/37 MP: 6/6
   163 | D        | Killed a centaur
   163 | D        | Acquired Makhleb's second power
   163 | D        | Reached skill level 11 in Unarmed Combat
   168 | D        | Noticed a catoblepas
   168 | D        | Noticed a big kobold
   168 | D        | Noticed a yak
   168 | D        | Noticed an orc warrior
   168 | D        | Noticed a hungry ghost
   168 | D        | Noticed a kobold demonologist
   175 | D        | HP: 1/37 [catoblepas (27)]
   179 | D        | Killed a catoblepas
   179 | D        | Reached skill level 13 in Unarmed Combat
   179 | D        | Reached XP level 7. HP: 41/41 MP: 7/7
   179 | D        | Reached XP level 8. HP: 46/46 MP: 8/8
   184 | D        | Killed a big kobold
   184 | D        | Reached skill level 14 in Unarmed Combat
   188 | D        | Noticed a hellwing
   190 | D        | Killed a yak
   190 | D        | Acquired Makhleb's third power
   192 | D        | Killed an orc warrior
   193 | D        | Noticed a blue devil
   199 | D        | Killed a kobold demonologist
   199 | D        | Reached skill level 15 in Unarmed Combat
   201 | D        | Killed a hungry ghost
   201 | D        | Acquired Makhleb's fourth power
   201 | D        | Reached XP level 9. HP: 29/51 MP: 9/9
   329 | D        | Noticed an eight-headed hydra
   329 | D        | Noticed a crocodile
   329 | D        | Noticed a porcupine
   329 | D        | Noticed a giant frog
   330 | D        | Noticed a spiny frog
   338 | D        | Slain by an eight-headed hydra

Vault maps used:
D:        linesprint

Action                   |  1- 3 |  4- 6 |  7- 9 || total
-------------------------+-------+-------+-------++-------
Melee: Unarmed           |    42 |    40 |    27 ||   109
Evoke: Wand              |       |       |     2 ||     2
  Use: Potion            |     3 |     5 |       ||     8
 Stab: Invisible         |       |     5 |       ||     5
